Map: Frozen Temple

Players

ManofOneway - Winner!

  • Race: Terran Terran
  • League: Master

llllllllllll

  • Race: Protoss Protoss
  • League: Master

VOD

Have the link to the VOD?

Description

Time

  • Played on: May 5, 2016, 2:16 p.m.
  • Length: 8:33
Show
View Real Time Build Order
Export as new Build Order

ManofOneway Terran - Winner!

Build Orders: Reaper Expand, MMM Bio 

Get SALT Encoding   

  12  0:00  SCV  
  13  0:12  SCV  
  14  0:17  Supply Depot  
  14  0:24  SCV  
  15  0:39  SCV  
  15  0:42  Barracks  
  16  0:45  Refinery  
  16  0:51  SCV  
  17  1:03  SCV  
  18  1:15  SCV  
  19  1:29  Reaper, Orbital Command  
  20  1:42  Command Center  
  20  1:53  Supply Depot  
  20  1:55  SCV  
  21  2:02  Barracks Reactor  
  21  2:07  SCV  
  22  2:19  SCV  
  22  2:22  Factory  
  23  2:28  Bunker  
  23  2:30  Refinery  
  23  2:31  SCV  
  24  2:40  Marine  
  24  2:41  Marine  
  24  2:43  SCV  
  27  2:55  SCV  
  27  2:56  Orbital Command  
  28  3:00  Supply Depot  
  28  3:01  Marine x2  
  30  3:10  Starport, Factory Tech Lab  
  30  3:14  SCV  
  31  3:24  SCV  
  31  3:25  Marine x2  
  31  3:26  SCV  
  35  3:31  Supply Depot  
  35  3:36  SCV  
  35  3:38  SCV  
  35  3:39  Siege Tank  
  40  3:46  Medivac  
  42  3:56  SCV x2  
  42  4:02  Refinery  
  43  4:04  Engineering Bay, Marine x2  
  43  4:08  SCV  
  43  4:09  SCV  
  47  4:12  Siege Tank  
  50  4:22  Marine  
  50  4:23  Marine  
  52  4:29  SCV  
  52  4:30  SCV  
  54  4:33  Medivac  
  54  4:38  Barracks  
  56  4:39  Barracks  
  56  4:40  Refinery  
  56  4:41  Terran Infantry Weapons Level 1, SCV  
  56  4:42  SCV  
  58  4:45  Supply Depot  
  58  4:47  Marine x2  
  60  4:59  Supply Depot  
  60  5:05  SCV x2  
  62  5:07  Siege Tank  
  62  5:12  Marine x2  
  65  5:15  Medivac  
  65  5:18  Supply Depot  
  66  5:25  SCV x2  
  70  5:30  Marine x2  
  70  5:33  Barracks Tech Lab x2  
  69  5:37  Barracks  
  69  5:39  SCV x2, Barracks  
  63  5:44  Supply Depot  
  63  5:48  Marine x2  
  64  5:53  Combat Shields  
  64  5:54  Stimpack  
  64  5:57  Starport Reactor  
  64  5:58  Supply Depot  
  64  5:59  Marine x2  
  66  6:05  Marine x2  
  66  6:08  Supply Depot  
  68  6:11  Missile Turret  
  68  6:14  Missile Turret  
  68  6:15  Siege Tank  
  68  6:16  Marine x2  
  73  6:26  Barracks Reactor  
  73  6:27  Barracks Tech Lab, Marine x2  
  73  6:31  Supply Depot  
  75  6:35  Marauder x2  
  75  6:39  Medivac, Terran Infantry Armor Level 1  
  81  6:40  Medivac  
  83  6:47  Siege Tank  
  83  6:48  Supply Depot  
  83  6:51  Supply Depot  
  86  6:54  Marine x2  
  86  6:55  Marauder  
  86  6:56  Marine  
  86  6:57  Marine  
  92  7:03  Supply Depot  
  92  7:04  Supply Depot  
  92  7:05  Marine x2  
  94  7:17  Marine x2  
  94  7:18  Marauder  
  94  7:19  Siege Tank  
  101  7:28  Liberator, Marine x2  
  101  7:29  Marauder x2  
  107  7:33  Supply Depot  
  107  7:35  Supply Depot  
  97  7:39  Marine x2, Marauder  
  101  7:46  Marine x2  
  108  7:54  Siege Tank  
  108  7:58  Marine x2  
  113  8:09  Marine x2  
  113  8:10  Marauder x3  
Show
View Real Time Build Order
Export as new Build Order

llllllllllll Protoss 

Build Orders: 1 Gate Expand, Double Forge, Blink Stalkers 

Get SALT Encoding   

  12  0:02  Probe (Chrono Boost)  
  13  0:12  Probe (Chrono Boost)  
  14  0:19  Pylon  
  14  0:23  Probe (Chrono Boost)  
  15  0:37  Probe (Chrono Boost)  
  15  0:38  Gateway  
  16  0:47  Probe (Chrono Boost)  
  17  0:50  Assimilator  
  17  0:58  Probe (Chrono Boost)  
  18  1:08  Probe (Chrono Boost)  
  19  1:20  Nexus  
  19  1:21  Probe (Chrono Boost)  
  20  1:32  Cybernetics Core  
  20  1:35  Probe (Chrono Boost)  
  21  1:43  Assimilator  
  21  1:45  Probe (Chrono Boost)  
  22  1:52  Pylon  
  22  1:56  Probe (Chrono Boost)  
  23  2:11  Mothership Core (Chrono Boost)  
  25  2:16  Warp Gate  
  25  2:27  Stalker  
  25  2:29  Probe (Chrono Boost)  
  28  2:38  Probe (Chrono Boost)  
  28  2:40  Probe (Chrono Boost)  
  30  2:46  Robotics Facility  
  30  2:48  Probe (Chrono Boost)  
  30  2:50  Probe (Chrono Boost)  
  32  2:59  Probe (Chrono Boost)  
  32  3:01  Probe (Chrono Boost)  
  34  3:08  Twilight Council  
  34  3:09  Probe (Chrono Boost)  
  34  3:11  Probe (Chrono Boost)  
  36  3:18  Gateway  
  37  3:20  Gateway, Probe (Chrono Boost)  
  37  3:22  Probe (Chrono Boost)  
  38  3:29  Probe (Chrono Boost)  
  38  3:30  Pylon  
  38  3:32  Assimilator  
  38  3:34  Observer (Chrono Boost)  
  40  3:35  Probe  
  40  3:39  Probe  
  42  3:47  Probe  
  43  3:50  Blink (Chrono Boost), Probe  
  44  3:59  Observer, Probe  
  44  4:00  Probe  
  47  4:11  Probe x2  
  49  4:20  Stalker  
  49  4:21  Nexus  
  49  4:23  Pylon, Probe  
  52  4:26  Stalker  
  54  4:33  Pylon  
  54  4:34  Pylon  
  54  4:40  Probe  
  54  4:41  Probe  
  54  4:42  Observer  
  54  4:43  Stalker x2  
  61  4:55  Forge  
  61  4:56  Probe x2  
  61  4:57  Forge  
  63  5:04  Stalker  
  65  5:08  Probe  
  65  5:13  Stalker  
  65  5:14  Stalker  
  66  5:24  Probe  
  61  5:40  Probe  
  61  5:41  Probe  
  61  5:42  Probe  
  61  5:44  Stalker, Protoss Ground Weapons Level 1 (Chrono Boost)  
  61  5:45  Stalker x2  
  61  5:47  Protoss Ground Armor Level 1 (Chrono Boost)  
  61  5:49  Warp Prism  
  70  5:52  Resonating Glaives (Chrono Boost), Probe x2  
  70  5:53  Probe  
  70  5:55  Assimilator  
  73  6:03  Pylon, Probe  
  73  6:04  Probe  
  73  6:08  Probe  
  76  6:14  Stalker, Probe  
  76  6:15  Stalker  
  76  6:16  Mothership Core  
  83  6:20  Assimilator, Probe  
  83  6:21  Assimilator  
  83  6:25  Probe  
  84  6:32  Probe  
  85  6:33  Gateway  
  85  6:34  Gateway  
  85  6:36  Gateway  
  85  6:38  Probe  
  85  6:39  Gateway  
  86  6:42  Immortal  
  90  7:04  Gateway, Adept  
  90  7:05  Gateway  
  90  7:06  Gateway  
  90  7:08  Probe  
  93  7:09  Pylon  
  93  7:11  Pylon  
  93  7:12  Pylon x2  
  93  7:19  Pylon  
  93  7:26  Probe  
  93  7:27  Immortal, Probe  
  99  7:48  Adept x3  
  99  7:50  Probe  
  106  7:54  Pylon x2  
  106  7:57  Photon Cannon  
  106  7:59  Pylon  
  106  8:01  Pylon  
  106  8:02  Adept x3  
  106  8:04  Pylon  
  112  8:06  Pylon  
  112  8:08  Stalker x2  
  108  8:13  Adept x2  
  97  8:27  Adept x3  
Tags
 
Add a new tag
Caveats
  • Supply blocks, unpowered buildings, or Contaminate may cause inaccurate times.
  • Supply counts are checked every 10 seconds.